 Dungeon Crawl Stone Soup version 0.15.1-3-g1b33baa (webtiles) character file.

92 Rooster the Ruinous (level 4, -5/27 HPs)
             Began as a High Elf Conjurer on Oct 9, 2014.
             Slain by Sigmund
             ... wielding a cursed -1 scythe
              (14 damage)
             ... on Level 2 of the Dungeon.
             The game lasted 00:20:24 (2497 turns).

Rooster the Ruinous (High Elf Conjurer)             Turns: 2497, Time: 00:20:24

HP  -5/27        AC  2     Str  7      XL: 4   Next: 35%
MP   6/11        EV 13     Int 19      God:
Gold 114         SH  0     Dex 16      Spells:  3 memorised,  2 levels left

rFire  . . .     SeeInvis .     f - +0 dagger
rCold  . . .     Clarity  .     a - +0 robe
rNeg   . . .     rCorr    .     (no shield)
rPois  .         rRot     .     (no helmet)
rElec  .         Spirit   .     (no cloak)
SustAb .         Warding  .     (no gloves)
rMut   .         Stasis   .     (no boots)
Gourm  .                        (no amulet)
MR     .....                    (no ring)
                                (no ring)

@: not resistant to hostile enchantments, unstealthy
A: no striking features
a: no special abilities


You were on level 2 of the Dungeon.
You were not hungry.

You visited 1 branch of the dungeon, and saw 2 of its levels.

You collected 114 gold pieces.

Inventory:

Hand weapons
 f - a +0 dagger (weapon)
Armour
 a - a +0 robe (worn)
Comestibles
 b - 3 bread rations
 h - a meat ration
 n - a chunk of giant newt flesh
Scrolls
 d - 2 scrolls of identify {unknown}
 e - a scroll of enchant armour {unknown}
 g - 2 scrolls of immolation {unknown}
 i - a scroll of random uselessness {unknown}
 k - a scroll of amnesia {unknown}
Jewellery
 j - a cursed amulet of inaccuracy {unknown}
Potions
 l - 2 potions of curing {unknown}
 m - a potion of mutation {unknown}
Books
 c - a book of Conjurations

   Spells                             Type                      Level
   *Magic Dart                        Conjuration                  1
   *Searing Ray                       Conjuration                  2
   *Dazzling Spray                    Conjuration/Hexes            3
   Fulminant Prism                    Conjuration/Hexes            4
   Iskenderun's Mystic Blast          Conjuration                  4
   Iskenderun's Battlesphere          Conjuration/Charms           5


   Skills:
 - Level 2.1 Dodging
 - Level 2.1 Stealth
 - Level 2.5 Spellcasting
 + Level 6.4 Conjurations


You had 2 spell levels left.
You knew the following spells:

 Your Spells              Type           Power        Failure   Level  Hunger
a - Magic Dart            Conj           ####         1%          1    #......
b - Searing Ray           Conj           ####..       1%          2    ##.....
c - Dazzling Spray        Conj/Hex       ##......     14%         3    ###....


Dungeon Overview and Level Annotations

Branches:
Dungeon (2/15)

Altars:
Kikubaaqudgha

Annotations:
D:2 Sigmund


Message History

Aim: Sigmund, wielding a scythe, wearing a robe and wearing a jade ring (hasn't noticed you)
The spray of energy misses Sigmund.
Sigmund points at you and mumbles some strange words.
The puff of flame hits you!
Sigmund points at you and mumbles some strange words.
You resist.
Sigmund points at you and mumbles some strange words.
You are confused.
Sigmund barely misses you. Sigmund gestures at you while chanting.
The magic dart hits you!
* * * LOW HITPOINT WARNING * * *
Ouch! Sigmund closely misses you.
Ouch! You feel less confused. Sigmund closely misses you.
Sigmund hits you from afar with a scythe!
Ouch! That really hurt!
You die...

#.......##.......##.###.#
#.......##.......##(# #.#
###.[............##.# %
#..#.#............#
#......#.......####
#......#<......#
#......#....@..#
##.....##.#.##.#
#........@.##...
.######.######## ...#
#####


You could see Sigmund.

Vanquished Creatures
  Terence (D:1)
  3 adders (D:2)
  3 ball pythons
  3 giant cockroaches (D:1)
  5 hobgoblins
  6 jackals
  3 quokkas (D:2)
  3 bats
  2 giant geckos
  2 giant newts
  10 goblins
  8 kobolds
  7 rats
56 creatures vanquished.

Notes
Turn   | Place    | Note
--------------------------------------------------------------
     0 | D:1      | Rooster, the High Elf Conjurer, began the quest for the Orb.
     0 | D:1      | Reached XP level 1. HP: 11/11 MP: 4/4
   205 | D:1      | Reached XP level 2. HP: 17/17 MP: 1/6
   284 | D:1      | Reached skill level 5 in Conjurations
   292 | D:1      | Learned a level 2 spell: Searing Ray
  1020 | D:1      | Reached XP level 3. HP: 21/21 MP: 5/8
  1131 | D:2      | Noticed Terence
  1196 | D:1      | Learned a level 3 spell: Dazzling Spray
  1282 | D:2      | Noticed Sigmund
  1664 | D:2      | Reached skill level 6 in Conjurations
  2047 | D:1      | Killed Terence
  2047 | D:1      | Reached XP level 4. HP: 19/27 MP: 0/11
  2268 | D:2      | Found an ancient bone altar of Kikubaaqudgha.
  2497 | D:2      | Slain by Sigmund

Action                   |  1- 3 |  4- 6 || total
-------------------------+-------+-------++-------
Melee: Unarmed           |    29 |       ||    29
       Dagger            |    11 |       ||    11
 Cast: Magic Dart        |    75 |    21 ||    96
       Searing Ray       |     3 |     1 ||     4
       Dazzling Spray    |     8 |     1 ||     9
 Stab: Invisible         |     2 |       ||     2
  Eat: Chunk             |     3 |       ||     3
       Bread ration      |     1 |       ||     1
